 Dungeon Crawl Stone Soup version 0.27.1-33-g824d729ab1 (webtiles) character file.

Game seed: 11136990984600771558

1067 jlumianski the Chopper (level 8, -5/49 HPs)
             Began as a Gargoyle Monk on Dec 15, 2021.
             Was a Believer of Qazlal.
             Shot themself with a blast of magma (16 damage)
             ... on level 4 of the Dungeon.
             The game lasted 00:17:38 (5723 turns).

jlumianski the Chopper (Gargoyle Monk)              Turns: 5723, Time: 00:17:38

Health: -5/49      AC: 17    Str: 17    XL:     8   Next: 28%
Magic:  8/8        EV:  8    Int: 11    God:    Qazlal [**....]
Gold:   279        SH:  7    Dex: 12    Spells: 7/7 levels left

rFire    . . .     SeeInvis .   k - +3 hand axe (drain)
rCold    . . .     Faith    .   (no shield)
rNeg     + . .     Spirit   .   s - +0 chain mail
rPois    ∞         Reflect  +   (no helmet)
rElec    +         Harm     .   (no cloak)
rCorr    +         Rampage  .   p - +1 pair of gloves
Will     .....                  (no boots)
Stlth    ..........             f - amulet of reflection
HPRegen  0.16/turn              n - ring of resist corrosion
MPRegen  0.11/turn              (no ring)

@: no status effects
A: sickness immunity, AC +5, negative energy resistance 1, electricity
resistance, torment resistance 1, petrification resistance
a: Renounce Religion, Upheaval


You were on level 4 of the Dungeon.
You worshipped Qazlal.
Qazlal was pleased with you.
You visited 1 branch of the dungeon, and saw 7 of its levels.

You collected 279 gold pieces.

Inventory:

Hand Weapons
 a - a +0 hand axe
 k - a +3 hand axe of draining (weapon)
 o - a +0 hunting sling
Missiles
 c - 9 bolts
 e - 98 stones
 l - 10 poisoned darts (quivered)
Armour
 b - a +0 robe
 h - a +0 scale mail
 p - a +1 pair of gloves (worn)
 s - a +0 chain mail (worn)
Jewellery
 f - an amulet of reflection (around neck)
 n - a ring of resist corrosion (left hand)
Wands
 i - a wand of polymorph (5)
 t - a wand of flame (17)
Scrolls
 d - a scroll of magic mapping
 q - 2 scrolls of teleportation
 u - a scroll of identify
Potions
 g - a potion of ambrosia
 j - a potion of resistance
 m - 2 potions of attraction
 r - a potion of flight


   Skills:
 + Level 5.1 Fighting
 + Level 6.0 Axes
 + Level 0.5 Throwing
 + Level 3.7 Armour
 + Level 3.4 Dodging
 + Level 3.2 Stealth
 + Level 2.2 Shields
 - Level 1.8 Air Magic
 * Level 0.7 Invocations


You had 7 spell levels left.
You didn't know any spells.
Your spell library contained the following spells:

 Spells                   Type           Power      Damage    Failure   Level
 Shock                    Conj/Air       8%         1d3       98%         1
 Animate Skeleton         Necr           0%         N/A       99%         1
 Apportation              Tloc           0%         N/A       99%         1
 Corona                   Hex            0%         N/A       99%         1
 Foxfire                  Conj/Fire      0%         2x1d4     99%         1
 Summon Small Mammal      Summ           0%         N/A       99%         1
 Conjure Flame            Conj/Fire      0%         6-21      100%        3
 Inner Flame              Hex/Fire       0%         N/A       100%        3
 Swiftness                Air            4%         N/A       100%        3
 Airstrike                Air            2%         N/A       100%        4
 Olgreb's Toxic Radiance  Pois           0%         N/A       100%        4
 Ozocubu's Refrigeration  Ice            0%         4d5       100%        7
 Ignition                 Fire           0%         3d3       100%        8


Dungeon Overview and Level Annotations

Branches:
Dungeon (7/15)             Temple (0/1) D:5

Altars:
Qazlal
Sif Muna

Annotations:
D:3 Blork the orc
D:4 DemonSlayer's ghost, novice DsBe
D:7 Menkaure; Prince Ribbit


Innate Abilities, Weirdness & Mutations

You are immune to sickness and miasma.
Your stone body is resilient. (AC +5)
You are immune to poison.
You resist negative energy. (rN+)
You are resistant to electric shocks. (rElec)
You are resistant to unholy torment.
You are immune to petrification.


Message History

DemonSlayer's ghost is moderately damaged.
DemonSlayer's ghost completely misses you.
You closely miss DemonSlayer's ghost.
DemonSlayer's ghost is moderately damaged.
DemonSlayer's ghost hits you.
You completely miss DemonSlayer's ghost.
DemonSlayer's ghost is moderately damaged.
DemonSlayer's ghost barely misses you.
You hit DemonSlayer's ghost but do no damage.
DemonSlayer's ghost is moderately damaged.
DemonSlayer's ghost hits you but does no damage.
You slash DemonSlayer's ghost!
DemonSlayer's ghost is moderately damaged.
DemonSlayer's ghost hits you.
You completely miss DemonSlayer's ghost.
DemonSlayer's ghost is moderately damaged.
DemonSlayer's ghost hits you but does no damage.
You hit DemonSlayer's ghost.
DemonSlayer's ghost is moderately damaged.
DemonSlayer's ghost closely misses you.
You closely miss DemonSlayer's ghost.
DemonSlayer's ghost is moderately damaged.
DemonSlayer's ghost hits you.
You hit DemonSlayer's ghost.
DemonSlayer's ghost is heavily damaged.
DemonSlayer's ghost hits you.
You hit DemonSlayer's ghost but do no damage.
DemonSlayer's ghost is heavily damaged.
DemonSlayer's ghost hits you!
* * * LOW HITPOINT WARNING * * *
You hit DemonSlayer's ghost.
DemonSlayer's ghost is heavily damaged.
You block DemonSlayer's ghost's attack.
Aiming: Upheaval
Press: ? - help, Dir - move target, f - DemonSlayer's ghost
Aim: DemonSlayer's ghost (heavily damaged) That beam is likely to hit you.
Continue anyway?
Magma suddenly erupts from the ground!
The blast of magma engulfs you!
You die...

#..............##...##.
#...##...####..##......
##..##...####..##......
##..##...+.....##..###.
#.....)..#.....##..###.
#........#.........#...
##.###.##########..'...
#####.######..##..##.#
#..@........##..##.#
#.W.................
#...................
#...........##....##
##..###.###'##....##
##..###.##..##......
#...........#.......
#...........#<......
#...........##'#####


You could see DemonSlayer's ghost.

Vanquished Creatures
  A yak (D:5)
  An ogre (D:6)
  An ice beast (D:5)
  A centaur (D:3)
  A kobold brigand (D:6)
  A scorpion (D:6)
  A water moccasin skeleton (D:5)
  A bullfrog skeleton (D:6)
  3 hounds
  Ijyb (D:5)
  2 iguanas
  6 orc wizards
  2 hound skeletons
  3 adders
  2 worms
  A dart slug (D:2)
  11 orcs
  7 endoplasms
  2 giant cockroaches
  4 goblins
  4 hobgoblins
  7 jackals
  11 kobolds
  3 quokkas
  7 ball pythons
  6 bats
  2 frilled lizards
  11 rats
103 creatures vanquished.

Vanquished Creatures (others)
  13 plants (D:5)
13 creatures vanquished.

Grand Total: 116 creatures vanquished

Notes
Turn   | Place    | Note
-------+----------+-------------------------------------------
     0 | D:1      | jlumianski the Gargoyle Monk began the quest for the Orb.
     0 | D:1      | Reached XP level 1. HP: 14/14 MP: 1/1
   262 | D:1      | Found a faded altar of an unknown god.
   524 | D:1      | Reached XP level 2. HP: 16/19 MP: 2/2
   575 | D:2      | Reached skill level 3 in Axes
   575 | D:2      | Reached XP level 3. HP: 5/24 MP: 3/3
   911 | D:1      | Learned a level 1 spell: Shock
  1279 | D:3      | Reached XP level 4. HP: 10/29 MP: 4/4
  1707 | D:3      | Reached XP level 5. HP: 24/33 MP: 5/5
  1752 | D:3      | Reached skill level 1 in Armour
  1752 | D:3      | Reached skill level 1 in Air Magic
  3261 | D:3      | Noticed a centaur
  3268 | D:3      | Killed a centaur
  3269 | D:3      | Reached skill level 1 in Shields
  3269 | D:3      | Reached XP level 6. HP: 25/38 MP: 6/6
  3461 | D:4      | Noticed an orc warrior
  3721 | D:4      | Reached skill level 4 in Axes
  3749 | D:4      | Noticed Blork the orc
  4404 | D:5      | Entered Level 5 of the Dungeon
  4404 | D:5      | Found a runed translucent gate.
  4405 | D:5      | Found a runed translucent gate.
  4405 | D:5      | Found a runed translucent gate.
  4406 | D:5      | Noticed DemonSlayer's ghost (novice DsBe)
  4458 | D:5      | Found a shimmering blue altar of Sif Muna.
  4517 | D:6      | Reached XP level 7. HP: 33/44 MP: 7/7
  4519 | D:6      | Noticed a yak
  4519 | D:6      | Noticed a yak
  4521 | D:6      | Noticed a yak
  4542 | D:5      | Killed a yak
  4801 | D:5      | Reached skill level 5 in Axes
  4950 | D:7      | Noticed Prince Ribbit
  4954 | D:7      | Noticed Menkaure
  5014 | D:5      | Noticed Ijyb
  5026 | D:5      | Killed Ijyb
  5027 | D:5      | Reached XP level 8. HP: 36/48 MP: 8/8
  5167 | D:5      | Found Laevi's Assorted Antiques.
  5182 | D:5      | Reached skill level 5 in Fighting
  5394 | D:5      | Found a stormy altar of Qazlal.
  5403 | D:5      | Became a worshipper of Qazlal Stormbringer
  5403 | D:5      | Reached * piety under Qazlal
  5403 | D:5      | Reached ** piety under Qazlal
  5519 | D:5      | Found a staircase to the Ecumenical Temple.
  5573 | D:5      | Reached skill level 6 in Axes
  5723 | D:4      | Shot themself with a blast of magma

Illustrated notes

Levels and vault maps discovered:
D:1:      dpeg_cavernosity, layout_basic, chequers_ecumenical_altar_lobes,
          ebering_dispersal_statue_hall
D:2:      layout_basic, st_stairs_1, minmay_hexomino_f4
D:3:      layout_rooms
D:4:      layout_gridville, uniq_blork_the_orc
D:5:      layout_loops_ring, grunt_qazlal_clouds,
          mainiacjoe_overflow_cross_hatched, temple_hall, serial_shops, shop,
          gammafunk_ghost_split, uniq_ijyb
D:6:      layout_layer_cave, nicolae_water_bricks
D:7:      layout_layer_cave, kennysheep_little_box,
          amethyst_overflow_temple_binary, lemuel_flamethrower_2, uniq_pikel,
          uniq_menkaure, uniq_prince_ribbit1

Skill      XL: |  1  2  3  4  5  6  7  8 |
---------------+-------------------------+-----
Axes           | 3 4 5 6 |  6.0
Fighting       | 4 5 |  5.1
Dodging        | 3 |  3.4
Armour         | 1 2 3 |  3.7
Air Magic      | 1 |  1.8
Shields        | 1 2 |  2.2
Stealth        | 3 |  3.2
Throwing       | |  0.5
Invocations    | |  0.7

Action                   |  1- 3 |  4- 6 |  7- 9 || total
-------------------------+-------+-------+-------++-------
Melee: Hand axe          |    86 |   120 |   124 ||   330
Throw: Dart              |       |     4 |       ||     4
 Cast: Shock             |     1 |       |       ||     1
  Use: Scroll            |       |     6 |     3 ||     9
       Potion            |       |     1 |     1 ||     2
 Stab: Sleeping          |     2 |       |       ||     2
Armor: Robe              |    19 |       |       ||    19
       Scale mail        |     3 |    51 |    42 ||    96
       Chain mail        |       |       |    23 ||    23
Dodge: Dodged            |    64 |    62 |    54 ||   180
Block: Other             |    17 |    21 |    24 ||    62
       Reflection        |     1 |     3 |       ||     4
